Penguins vs Flames

Created - March 21, 2024 at 21:29

Goals
1 2 3 T
Penguins 1 1 0 2
Flames 2 1 2 5
Shots
1 2 3 T
Penguins 9 11 14 34
Flames 10 10 15 35

GoalsPenalties
1st period
1. Penguins , Jeff Petry 8 (Josh Anderson 13, Mathew Dumba 29) at 1:10
2. Flames , Steven Stamkos 34 (Esa Lindell 22, Lawson Crouse 36) at 2:43
3. Flames , Alex DeBrincat 19 (Steven Stamkos 44, Josh Morrissey 52) at 4:37
Justin Faulk (PIT) for Cross-checking (Minor) at 17:04
2nd period
4. Flames , John Tavares 17 (Josh Morrissey 53, Sebastian Aho 39) at 0:48
5. Penguins , Kevin Fiala 24 (Justin Faulk 26) at 18:12 (PP)
Aliaksei Protas (PIT) for Holding (Minor) at 14:25
Jordan Staal (CGY) for High sticking (Minor) at 16:28
3rd period
6. Flames , Sebastian Aho 34 (Alex Ovechkin 39, Adam Larsson 46) at 3:55 (PP)
7. Flames , Steven Stamkos 35 (Lawson Crouse 37, Alex DeBrincat 28) at 7:30
Alex Ovechkin (CGY) for Interference (Minor) at 0:07
Aliaksei Protas (PIT) for Holding (Minor) at 2:37
Adam Larsson (CGY) for High sticking (Minor) at 17:14
Goalie Stats
Calvin Petersen (PIT), 30 saves from 35 shots - (0.857), L, 12-11-3, 60:00 minutes
Antti Raanta (CGY), 32 saves from 34 shots - (0.941), W, 17-8-3, 60:00 minutes
3 StarsOfficial
1 - Steven Stamkos (CGY)
2 - Alex DeBrincat (CGY)
3 - Sebastian Aho (CGY)
Referees : Brandon Schrader and Mike Sheehan
Linesman : Stephen Drain and Andrew Smith
Game Note
No Game Note
Finance
Level 1 -- Attendance: 4654 (71.60%) -- Ticket Income $581,750
Level 2 -- Attendance: 4480 (89.60%) -- Ticket Income $336,000
Level 3 -- Attendance: 3291 (94.03%) -- Ticket Income $164,550
Level 4 -- Attendance: 2613 (79.45%) -- Ticket Income $112,359
Luxury Box -- Attendance: 947 (94.70%) -- Ticket Income $142,050
Game was played at the Scotiabank Saddledome.
Total Attendance: 15985 (82.87%)
Total Ticket Income: $1,336,709
Other Income: $334,177
Total Income: $1,670,886



Team Name Goals Shots Shots Attemp Shots Blocked PIM HIT PP PK FO%
Penguins 23457146281 / 3 (33%)138%
Flames 5357496171 / 3 (33%)162%

Penguins
Player Name POS G A P +/- PIM HIT SHT SB MP PP MP PP SHT PK MP PK SHT FO% FOT
Aliaksei ProtasC000-1441014:580:0000:00064% 14
Cole CaufieldRW000-3010017:423:1800:0000% 1
Devon ToewsD000-4044124:343:3232:5100% 0
Henri JokiharjuD0000012014:020:0000:0000% 0
Jeff PetryD1011021421:472:1002:2800% 0
Josh AndersonRW0111034018:302:2410:000100% 1
Julien GauthierRW000000000:200:0000:0000% 0
Justin FaulkD011-4250422:593:3201:3700% 0
Kevin FialaLW101-3004124:273:1813:3300% 0
Logan O'ConnorRW000001113:320:0000:0000% 0
Mathew DumbaD0111027221:312:1052:3200% 0
Matt RoyD0000010015:060:0001:0400% 0
Nick SuzukiC000-3022021:153:1803:33046% 24
Oskar LindblomLW0001011120:072:2401:37025% 4
Phil KesselRW000-1001015:270:0000:2700% 1
Rem PitlickC000000103:320:0000:0000% 6
Rudolfs BalcersLW000-1013015:000:0000:0000% 3
Seth JarvisC0001002019:522:2401:22032% 22
Flames
Player Name POS G A P +/- PIM HIT SHT SB MP PP MP PP SHT PK MP PK SHT FO% FOT
Adam LarssonD0110232222:192:2222:0200% 0
Alex DeBrincatRW1122015019:012:4900:0000% 0
Alex OvechkinLW0111247018:392:2710:000100% 1
Dmitry OrlovD0002011016:002:2210:0000% 0
Erik GudbransonD0001010115:230:0003:0700% 0
Esa LindellD0110000118:410:0000:4500% 0
Jakub VranaLW000000006:500:0003:3900% 1
Jared SpurgeonD0001010022:572:5402:3500% 0
John TavaresC1011015118:492:3610:000100% 4
Jordan EberleRW0000001013:260:0000:0000% 0
Jordan KyrouC0000003013:260:0000:0000% 1
Jordan StaalC0000200015:330:1301:55075% 20
Josh MorrisseyD0222001324:392:5412:5500% 0
Lawson CrouseLW0222010019:012:4900:000100% 1
Pierre-Edouard BellemareLW000001005:140:0002:0300% 0
Sean KuralyC000000003:470:0003:47067% 6
Sebastian AhoC1121016121:512:2710:00057% 23
Steven StamkosC2132024018:392:2700:00047% 19



Play-by-Play

1st period


0:01 of 1st period - Nick Suzuki wins face-off versus Sebastian Aho in neutral zone.
0:25 of 1st period - Icing by Josh Morrissey.
0:26 of 1st period - Sebastian Aho wins face-off versus Seth Jarvis in Flames zone.
0:40 of 1st period - Icing by Jeff Petry.
0:41 of 1st period - Lawson Crouse wins face-off versus Seth Jarvis in Penguins zone.
1:01 of 1st period - Adam Larsson is hit by Josh Anderson and loses puck.
1:08 of 1st period - Shot by Josh Anderson.
1:08 of 1st period - Stopped by Antti Raanta with a rebound.
1:10 of 1st period - Shot by Jeff Petry.
1:10 of 1st period - Goal by Jeff Petry - Penguins : 1 - Flames : 0.
1:11 of 1st period - Jordan Staal wins face-off versus Rudolfs Balcers in neutral zone.
1:17 of 1st period - Icing by Henri Jokiharju.
1:18 of 1st period - Jordan Staal wins face-off versus Phil Kessel in Penguins zone.
1:18 of 1st period - Jordan Staal is hit by Matt Roy.
1:26 of 1st period - Shot by Phil Kessel.
1:26 of 1st period - Shot Misses the Net.
1:28 of 1st period - Shot by Phil Kessel.
1:28 of 1st period - Stopped by Antti Raanta with a rebound.
1:30 of 1st period - Shot by Matt Roy.
1:30 of 1st period - Shot Misses the Net.
2:09 of 1st period - Off-side.
2:10 of 1st period - Nick Suzuki wins face-off versus Steven Stamkos in neutral zone.
2:37 of 1st period - Shot by Lawson Crouse.
2:37 of 1st period - Shot Blocked by Justin Faulk.
2:39 of 1st period - Shot by Steven Stamkos.
2:39 of 1st period - Shot Misses the Net.
2:43 of 1st period - Shot by Steven Stamkos.
2:43 of 1st period - Goal by Steven Stamkos - Penguins : 1 - Flames : 1.
2:44 of 1st period - Josh Anderson wins face-off versus Sebastian Aho in neutral zone.
3:27 of 1st period - Alex Ovechkin is hit by Josh Anderson and loses puck.
4:00 of 1st period - Shot by Steven Stamkos.
4:00 of 1st period - Stopped by Calvin Petersen without a rebound.
4:01 of 1st period - Aliaksei Protas wins face-off versus Jordan Staal in Penguins zone.
4:05 of 1st period - Off-side.
4:06 of 1st period - Jordan Staal wins face-off versus Nick Suzuki in neutral zone.
4:21 of 1st period - Shot by Nick Suzuki.
4:21 of 1st period - Stopped by Antti Raanta without a rebound.
4:22 of 1st period - Steven Stamkos wins face-off versus Aliaksei Protas in Flames zone.
4:37 of 1st period - Shot by Alex DeBrincat.
4:37 of 1st period - Goal by Alex DeBrincat - Penguins : 1 - Flames : 2.
4:38 of 1st period - Sebastian Aho wins face-off versus Rem Pitlick in neutral zone.
4:46 of 1st period - Icing by Henri Jokiharju.
4:47 of 1st period - Sebastian Aho wins face-off versus Rem Pitlick in Penguins zone.
4:54 of 1st period - Shot by Sebastian Aho.
4:54 of 1st period - Shot Misses the Net.
5:16 of 1st period - Shot by Kevin Fiala.
5:16 of 1st period - Stopped by Antti Raanta with a rebound.
6:48 of 1st period - Shot by Jordan Staal.
6:48 of 1st period - Shot Blocked by Oskar Lindblom.
7:19 of 1st period - Esa Lindell is hit by Mathew Dumba and loses puck.
8:08 of 1st period - Shot by Dmitry Orlov.
8:08 of 1st period - Deflect By John Tavares.
8:08 of 1st period - Stopped by Calvin Petersen without a rebound.
8:09 of 1st period - Aliaksei Protas wins face-off versus Steven Stamkos in Penguins zone.
8:14 of 1st period - Shot by Alex DeBrincat.
8:14 of 1st period - Stopped by Calvin Petersen without a rebound.
8:15 of 1st period - Aliaksei Protas wins face-off versus Steven Stamkos in Penguins zone.
8:58 of 1st period - Shot by Devon Toews.
8:58 of 1st period - Stopped by Antti Raanta with a rebound.
9:16 of 1st period - Devon Toews is hit by Dmitry Orlov and loses puck.
9:25 of 1st period - Shot by Alex Ovechkin.
9:25 of 1st period - Stopped by Calvin Petersen with a rebound.
9:27 of 1st period - Shot by Erik Gudbranson.
9:27 of 1st period - Shot Misses the Net.
9:29 of 1st period - Shot by John Tavares.
9:29 of 1st period - Shot Blocked by Justin Faulk.
10:42 of 1st period - Cole Caufield is hit by Adam Larsson and loses puck.
11:26 of 1st period - Josh Anderson is hit by Alex DeBrincat and loses puck.
12:17 of 1st period - Shot by Logan O'Connor.
12:17 of 1st period - Stopped by Antti Raanta with a rebound.
12:19 of 1st period - Shot by Logan O'Connor.
12:19 of 1st period - Shot Misses the Net.
12:21 of 1st period - Shot by Logan O'Connor.
12:21 of 1st period - Shot Blocked by Josh Morrissey.
12:23 of 1st period - Shot by Logan O'Connor.
12:23 of 1st period - Shot Blocked by Josh Morrissey.
12:25 of 1st period - Shot by Rem Pitlick.
12:25 of 1st period - Stopped by Antti Raanta without a rebound.
12:26 of 1st period - Sebastian Aho wins face-off versus Rem Pitlick in Flames zone.
12:41 of 1st period - Shot by Alex Ovechkin.
12:41 of 1st period - Shot Blocked by Logan O'Connor.
14:53 of 1st period - Shot by Kevin Fiala.
14:53 of 1st period - Shot Misses the Net.
15:03 of 1st period - Shot by Alex DeBrincat.
15:03 of 1st period - Shot Misses the Net.
15:46 of 1st period - Icing by Jared Spurgeon.
15:47 of 1st period - Aliaksei Protas wins face-off versus Steven Stamkos in Flames zone.
16:29 of 1st period - Phil Kessel is hit by Alex Ovechkin and loses puck.
16:42 of 1st period - Shot by Alex Ovechkin.
16:42 of 1st period - Stopped by Calvin Petersen without a rebound.
16:43 of 1st period - Jordan Staal wins face-off versus Seth Jarvis in Penguins zone.
16:53 of 1st period - Jordan Kyrou is hit by Devon Toews.
17:03 of 1st period - Shot by Jordan Kyrou.
17:03 of 1st period - Shot Blocked by Justin Faulk.
17:04 of 1st period - Minor Penalty to Justin Faulk for Cross-checking.
17:05 of 1st period - Nick Suzuki wins face-off versus Steven Stamkos in Penguins zone.
17:27 of 1st period - Steven Stamkos is hit by Devon Toews and loses puck.
17:55 of 1st period - Shot by Josh Morrissey.
17:55 of 1st period - Shot Misses the Net.
17:57 of 1st period - Shot by Jared Spurgeon.
17:57 of 1st period - Shot Misses the Net.
18:01 of 1st period - Shot by John Tavares.
18:01 of 1st period - Stopped by Calvin Petersen with a rebound.
18:03 of 1st period - Shot by Josh Morrissey.
18:03 of 1st period - Shot Misses the Net.
18:05 of 1st period - Shot by Josh Morrissey.
18:05 of 1st period - Stopped by Calvin Petersen without a rebound.
18:06 of 1st period - John Tavares wins face-off versus Nick Suzuki in Penguins zone.
18:11 of 1st period - Shot by Alex DeBrincat.
18:11 of 1st period - Shot Blocked by Mathew Dumba.
18:20 of 1st period - Shot by Kevin Fiala.
18:20 of 1st period - Shot Blocked by John Tavares.
18:41 of 1st period - Icing by John Tavares.
18:42 of 1st period - John Tavares wins face-off versus Seth Jarvis in Flames zone.
19:03 of 1st period - Shot by Sebastian Aho.
19:03 of 1st period - Shot Misses the Net.
19:05 of 1st period - Shot by Jordan Eberle.
19:05 of 1st period - Shot Misses the Net.
19:15 of 1st period - Shot by Jordan Kyrou.
19:15 of 1st period - Stopped by Calvin Petersen without a rebound.
19:16 of 1st period - Seth Jarvis wins face-off versus Sebastian Aho in Penguins zone.
19:40 of 1st period - Shot by Seth Jarvis.
19:40 of 1st period - Stopped by Antti Raanta without a rebound.
19:41 of 1st period - Jordan Staal wins face-off versus Rudolfs Balcers in Flames zone.
19:53 of 1st period - Mathew Dumba is hit by Adam Larsson and loses puck.
19:59 of 1st period - Off-side.
Goals for this period are 1 for Penguins vs 2 for Flames.
Shots for this period are 9 for Penguins vs 10 for Flames.

2nd period


0:01 of 2nd period - Sebastian Aho wins face-off versus Cole Caufield in neutral zone.
0:16 of 2nd period - Shot by Alex Ovechkin.
0:16 of 2nd period - Stopped by Calvin Petersen without a rebound.
0:17 of 2nd period - Steven Stamkos wins face-off versus Oskar Lindblom in Penguins zone.
0:17 of 2nd period - Steven Stamkos is hit by Mathew Dumba.
0:25 of 2nd period - Esa Lindell is hit by Oskar Lindblom and loses puck.
0:42 of 2nd period - Shot by Alex DeBrincat.
0:42 of 2nd period - Stopped by Calvin Petersen without a rebound.
0:43 of 2nd period - Sebastian Aho wins face-off versus Nick Suzuki in Penguins zone.
0:43 of 2nd period - Josh Morrissey is hit by Justin Faulk and loses puck.
0:46 of 2nd period - Shot by John Tavares.
0:46 of 2nd period - Stopped by Calvin Petersen with a rebound.
0:48 of 2nd period - Shot by John Tavares.
0:48 of 2nd period - Goal by John Tavares - Penguins : 1 - Flames : 3.
0:49 of 2nd period - Nick Suzuki wins face-off versus Sebastian Aho in neutral zone.
1:01 of 2nd period - Alex Ovechkin is hit by Justin Faulk and loses puck.
1:17 of 2nd period - Icing by Cole Caufield.
1:18 of 2nd period - Nick Suzuki wins face-off versus Steven Stamkos in Penguins zone.
2:03 of 2nd period - Shot by Alex DeBrincat.
2:03 of 2nd period - Stopped by Calvin Petersen without a rebound.
2:04 of 2nd period - Seth Jarvis wins face-off versus Sebastian Aho in Penguins zone.
2:04 of 2nd period - Seth Jarvis is hit by Alex Ovechkin.
2:12 of 2nd period - Shot by Josh Anderson.
2:12 of 2nd period - Stopped by Antti Raanta without a rebound.
2:13 of 2nd period - Sebastian Aho wins face-off versus Oskar Lindblom in Flames zone.
2:22 of 2nd period - Shot by Alex Ovechkin.
2:22 of 2nd period - Shot Misses the Net.
2:55 of 2nd period - Icing by Jeff Petry.
2:56 of 2nd period - Jordan Staal wins face-off versus Seth Jarvis in Penguins zone.
3:27 of 2nd period - Shot by Jordan Eberle.
3:27 of 2nd period - Shot Blocked by Jeff Petry.
4:41 of 2nd period - Shot by Aliaksei Protas.
4:41 of 2nd period - Stopped by Antti Raanta with a rebound.
4:43 of 2nd period - Shot by Rudolfs Balcers.
4:43 of 2nd period - Shot Misses the Net.
4:45 of 2nd period - Shot by Rudolfs Balcers.
4:45 of 2nd period - Stopped by Antti Raanta with a rebound.
4:58 of 2nd period - Dmitry Orlov is hit by Aliaksei Protas and loses puck.
5:05 of 2nd period - Steven Stamkos is hit by Aliaksei Protas and loses puck.
5:26 of 2nd period - Icing by Rem Pitlick.
5:27 of 2nd period - Sebastian Aho wins face-off versus Rem Pitlick in Penguins zone.
5:27 of 2nd period - Alex Ovechkin is hit by Justin Faulk and loses puck.
5:50 of 2nd period - Shot by Alex Ovechkin.
5:50 of 2nd period - Stopped by Calvin Petersen without a rebound.
5:51 of 2nd period - Seth Jarvis wins face-off versus Jordan Staal in Penguins zone.
6:44 of 2nd period - Icing by Esa Lindell.
6:45 of 2nd period - Aliaksei Protas wins face-off versus Jordan Kyrou in Flames zone.
7:27 of 2nd period - Shot by Phil Kessel.
7:27 of 2nd period - Shot Blocked by Esa Lindell.
8:00 of 2nd period - Nick Suzuki is hit by Jared Spurgeon and loses puck.
8:17 of 2nd period - Shot by Kevin Fiala.
8:17 of 2nd period - Shot Misses the Net.
8:34 of 2nd period - Icing by Devon Toews.
8:35 of 2nd period - Nick Suzuki wins face-off versus Steven Stamkos in Penguins zone.
9:13 of 2nd period - Alex DeBrincat is hit by Jeff Petry and loses puck.
9:16 of 2nd period - Shot by Alex DeBrincat.
9:16 of 2nd period - Shot Blocked by Mathew Dumba.
9:18 of 2nd period - Shot by Alex DeBrincat.
9:18 of 2nd period - Stopped by Calvin Petersen without a rebound.
9:19 of 2nd period - Aliaksei Protas wins face-off versus Sebastian Aho in Penguins zone.
9:40 of 2nd period - Shot by Sebastian Aho.
9:40 of 2nd period - Shot Misses the Net.
9:58 of 2nd period - Aliaksei Protas is hit by Pierre-Edouard Bellemare and loses puck.
10:05 of 2nd period - Henri Jokiharju is hit by Sebastian Aho and loses puck.
11:08 of 2nd period - Icing by Esa Lindell.
11:09 of 2nd period - Steven Stamkos wins face-off versus Nick Suzuki in Flames zone.
11:11 of 2nd period - Adam Larsson is hit by Nick Suzuki and loses puck.
11:28 of 2nd period - Shot by Kevin Fiala.
11:28 of 2nd period - Shot Misses the Net.
11:46 of 2nd period - Icing by Adam Larsson.
11:47 of 2nd period - Aliaksei Protas wins face-off versus Steven Stamkos in Flames zone.
12:25 of 2nd period - Icing by Henri Jokiharju.
12:26 of 2nd period - Jordan Staal wins face-off versus Aliaksei Protas in Penguins zone.
12:42 of 2nd period - Dmitry Orlov is hit by Rudolfs Balcers and loses puck.
13:06 of 2nd period - Shot by Jordan Kyrou.
13:06 of 2nd period - Stopped by Calvin Petersen without a rebound.
13:07 of 2nd period - Seth Jarvis wins face-off versus Sebastian Aho in Penguins zone.
13:07 of 2nd period - Seth Jarvis is hit by Alex Ovechkin.
13:23 of 2nd period - Shot by Oskar Lindblom.
13:23 of 2nd period - Shot Blocked by Sebastian Aho.
13:25 of 2nd period - Shot by Oskar Lindblom.
13:25 of 2nd period - Shot Blocked by Josh Morrissey.
13:35 of 2nd period - Shot by Josh Anderson.
13:35 of 2nd period - Shot Misses the Net.
14:21 of 2nd period - Shot by Mathew Dumba.
14:21 of 2nd period - Stopped by Antti Raanta without a rebound.
14:22 of 2nd period - Jordan Staal wins face-off versus Aliaksei Protas in Flames zone.
14:22 of 2nd period - Jordan Staal is hit by Aliaksei Protas.
14:25 of 2nd period - Minor Penalty to Aliaksei Protas for Holding.
14:26 of 2nd period - John Tavares wins face-off versus Nick Suzuki in Penguins zone.
14:29 of 2nd period - Shot by Adam Larsson.
14:29 of 2nd period - Stopped by Calvin Petersen with a rebound.
14:47 of 2nd period - Shot by Adam Larsson.
14:47 of 2nd period - Shot Misses the Net.
15:05 of 2nd period - Shot by Dmitry Orlov.
15:05 of 2nd period - Stopped by Calvin Petersen with a rebound.
15:23 of 2nd period - Justin Faulk is hit by Steven Stamkos and loses puck.
16:28 of 2nd period - Minor Penalty to Jordan Staal for High sticking.
16:29 of 2nd period - Sean Kuraly wins face-off versus Seth Jarvis in Flames zone.
16:38 of 2nd period - Shot by Devon Toews.
16:38 of 2nd period - Stopped by Antti Raanta without a rebound.
16:39 of 2nd period - Sean Kuraly wins face-off versus Seth Jarvis in Flames zone.
16:54 of 2nd period - Shot by Justin Faulk.
16:54 of 2nd period - Deflect By Josh Anderson.
16:54 of 2nd period - Stopped by Antti Raanta without a rebound.
16:55 of 2nd period - Nick Suzuki wins face-off versus Jakub Vrana in Flames zone.
17:02 of 2nd period - Shot by Mathew Dumba.
17:02 of 2nd period - Stopped by Antti Raanta with a rebound.
17:04 of 2nd period - Shot by Jeff Petry.
17:04 of 2nd period - Shot Misses the Net.
17:06 of 2nd period - Shot by Mathew Dumba.
17:06 of 2nd period - Stopped by Antti Raanta without a rebound.
17:07 of 2nd period - Seth Jarvis wins face-off versus Sean Kuraly in Flames zone.
17:12 of 2nd period - Shot by Jeff Petry.
17:12 of 2nd period - Shot Misses the Net.
17:27 of 2nd period - Shot by Mathew Dumba.
17:27 of 2nd period - Stopped by Antti Raanta without a rebound.
17:28 of 2nd period - Sean Kuraly wins face-off versus Nick Suzuki in Flames zone.
17:37 of 2nd period - Shot by Devon Toews.
17:37 of 2nd period - Stopped by Antti Raanta without a rebound.
17:38 of 2nd period - Sean Kuraly wins face-off versus Nick Suzuki in Flames zone.
18:04 of 2nd period - Shot by Jakub Vrana.
18:04 of 2nd period - Shot Misses the Net.
18:12 of 2nd period - Shot by Kevin Fiala.
18:12 of 2nd period - Goal by Kevin Fiala - Penguins : 2 - Flames : 3.
18:13 of 2nd period - Sebastian Aho wins face-off versus Seth Jarvis in neutral zone.
18:18 of 2nd period - Mathew Dumba is hit by John Tavares.
19:23 of 2nd period - Shot by Phil Kessel.
19:23 of 2nd period - Shot Misses the Net.
Goals for this period are 1 for Penguins vs 1 for Flames.
Shots for this period are 11 for Penguins vs 10 for Flames.

3rd period


0:01 of 3rd period - Sebastian Aho wins face-off versus Nick Suzuki in neutral zone.
0:06 of 3rd period - Shot by John Tavares.
0:06 of 3rd period - Shot Misses the Net.
0:07 of 3rd period - Minor Penalty to Alex Ovechkin for Interference.
0:08 of 3rd period - Jordan Staal wins face-off versus Nick Suzuki in Flames zone.
0:08 of 3rd period - Jordan Staal is hit by Cole Caufield.
0:41 of 3rd period - Shot by Jakub Vrana.
0:41 of 3rd period - Shot Blocked by Devon Toews.
0:43 of 3rd period - Shot by Adam Larsson.
0:43 of 3rd period - Shot Misses the Net.
0:56 of 3rd period - Jakub Vrana is hit by Justin Faulk and loses puck.
1:00 of 3rd period - Jakub Vrana is hit by Devon Toews and loses puck.
1:04 of 3rd period - Jordan Staal is hit by Justin Faulk and loses puck.
1:11 of 3rd period - Shot by Jakub Vrana.
1:11 of 3rd period - Shot Blocked by Justin Faulk.
2:05 of 3rd period - Shot by Mathew Dumba.
2:05 of 3rd period - Stopped by Antti Raanta with a rebound.
2:37 of 3rd period - Minor Penalty to Aliaksei Protas for Holding.
2:38 of 3rd period - John Tavares wins face-off versus Nick Suzuki in Penguins zone.
3:44 of 3rd period - Devon Toews is hit by Steven Stamkos and loses puck.
3:49 of 3rd period - Shot by Sebastian Aho.
3:49 of 3rd period - Shot Misses the Net.
3:51 of 3rd period - Shot by Adam Larsson.
3:51 of 3rd period - Stopped by Calvin Petersen with a rebound.
3:53 of 3rd period - Shot by Alex Ovechkin.
3:53 of 3rd period - Stopped by Calvin Petersen with a rebound.
3:55 of 3rd period - Shot by Sebastian Aho.
3:55 of 3rd period - Goal by Sebastian Aho - Penguins : 2 - Flames : 4.
3:56 of 3rd period - Jordan Staal wins face-off versus Aliaksei Protas in neutral zone.
4:10 of 3rd period - Shot by Rudolfs Balcers.
4:10 of 3rd period - Stopped by Antti Raanta without a rebound.
4:11 of 3rd period - Steven Stamkos wins face-off versus Seth Jarvis in Flames zone.
4:17 of 3rd period - Off-side.
4:18 of 3rd period - Jordan Staal wins face-off versus Seth Jarvis in neutral zone.
4:37 of 3rd period - Shot by Jordan Eberle.
4:37 of 3rd period - Shot Blocked by Jeff Petry.
4:39 of 3rd period - Shot by Erik Gudbranson.
4:39 of 3rd period - Shot Blocked by Jeff Petry.
5:37 of 3rd period - Shot by Steven Stamkos.
5:37 of 3rd period - Stopped by Calvin Petersen without a rebound.
5:38 of 3rd period - Alex Ovechkin wins face-off versus Nick Suzuki in Penguins zone.
5:41 of 3rd period - Shot by Sebastian Aho.
5:41 of 3rd period - Shot Misses the Net.
5:55 of 3rd period - Shot by Sebastian Aho.
5:55 of 3rd period - Shot Misses the Net.
5:59 of 3rd period - Shot by John Tavares.
5:59 of 3rd period - Shot Misses the Net.
6:01 of 3rd period - Shot by Sebastian Aho.
6:01 of 3rd period - Stopped by Calvin Petersen without a rebound.
6:02 of 3rd period - Jordan Staal wins face-off versus Rudolfs Balcers in Penguins zone.
6:05 of 3rd period - Shot by Jordan Kyrou.
6:05 of 3rd period - Stopped by Calvin Petersen with a rebound.
6:47 of 3rd period - Shot by Jordan Staal.
6:47 of 3rd period - Shot Misses the Net.
7:07 of 3rd period - Shot by Alex Ovechkin.
7:07 of 3rd period - Stopped by Calvin Petersen with a rebound.
7:15 of 3rd period - Shot by Alex Ovechkin.
7:15 of 3rd period - Stopped by Calvin Petersen without a rebound.
7:16 of 3rd period - Nick Suzuki wins face-off versus Steven Stamkos in Penguins zone.
7:30 of 3rd period - Shot by Steven Stamkos.
7:30 of 3rd period - Goal by Steven Stamkos - Penguins : 2 - Flames : 5.
7:31 of 3rd period - Sebastian Aho wins face-off versus Seth Jarvis in neutral zone.
7:33 of 3rd period - Off-side.
7:34 of 3rd period - Steven Stamkos wins face-off versus Nick Suzuki in neutral zone.
7:45 of 3rd period - Shot by Steven Stamkos.
7:45 of 3rd period - Shot Blocked by Kevin Fiala.
7:57 of 3rd period - Shot by Kevin Fiala.
7:57 of 3rd period - Shot Blocked by Adam Larsson.
8:56 of 3rd period - Shot by Josh Anderson.
8:56 of 3rd period - Stopped by Antti Raanta with a rebound.
9:08 of 3rd period - Shot by Sebastian Aho.
9:08 of 3rd period - Stopped by Calvin Petersen without a rebound.
9:09 of 3rd period - Aliaksei Protas wins face-off versus Jordan Staal in Penguins zone.
9:28 of 3rd period - Shot by Phil Kessel.
9:28 of 3rd period - Shot Misses the Net.
9:34 of 3rd period - Shot by Phil Kessel.
9:34 of 3rd period - Shot Misses the Net.
9:36 of 3rd period - Shot by Henri Jokiharju.
9:36 of 3rd period - Stopped by Antti Raanta without a rebound.
9:37 of 3rd period - Sebastian Aho wins face-off versus Rem Pitlick in Flames zone.
9:52 of 3rd period - Shot by Kevin Fiala.
9:52 of 3rd period - Stopped by Antti Raanta without a rebound.
9:53 of 3rd period - Jordan Staal wins face-off versus Seth Jarvis in Flames zone.
10:48 of 3rd period - Jared Spurgeon is hit by Jeff Petry.
11:19 of 3rd period - Shot by Sebastian Aho.
11:19 of 3rd period - Stopped by Calvin Petersen without a rebound.
11:20 of 3rd period - Aliaksei Protas wins face-off versus Steven Stamkos in Penguins zone.
11:20 of 3rd period - Aliaksei Protas is hit by Lawson Crouse.
11:29 of 3rd period - Steven Stamkos is hit by Aliaksei Protas and loses puck.
11:38 of 3rd period - Shot by Phil Kessel.
11:38 of 3rd period - Shot Blocked by Erik Gudbranson.
11:40 of 3rd period - Shot by Henri Jokiharju.
11:40 of 3rd period - Stopped by Antti Raanta without a rebound.
11:41 of 3rd period - Sebastian Aho wins face-off versus Rem Pitlick in Flames zone.
11:41 of 3rd period - Sebastian Aho is hit by Logan O'Connor.
11:55 of 3rd period - Shot by Sebastian Aho.
11:55 of 3rd period - Stopped by Calvin Petersen without a rebound.
11:56 of 3rd period - Steven Stamkos wins face-off versus Oskar Lindblom in Penguins zone.
12:12 of 3rd period - Jeff Petry is hit by Erik Gudbranson and loses puck.
12:15 of 3rd period - Shot by Mathew Dumba.
12:15 of 3rd period - Stopped by Antti Raanta with a rebound.
12:17 of 3rd period - Shot by Oskar Lindblom.
12:17 of 3rd period - Stopped by Antti Raanta without a rebound.
12:18 of 3rd period - Nick Suzuki wins face-off versus Sebastian Aho in Flames zone.
12:30 of 3rd period - Nick Suzuki is hit by Adam Larsson and loses puck.
12:35 of 3rd period - Shot by Nick Suzuki.
12:35 of 3rd period - Stopped by Antti Raanta without a rebound.
12:36 of 3rd period - Steven Stamkos wins face-off versus Seth Jarvis in Flames zone.
12:43 of 3rd period - Shot by Josh Morrissey.
12:43 of 3rd period - Shot Hit the Post.
13:32 of 3rd period - Shot by Kevin Fiala.
13:32 of 3rd period - Stopped by Antti Raanta without a rebound.
13:33 of 3rd period - Nick Suzuki wins face-off versus Sebastian Aho in Flames zone.
14:06 of 3rd period - Shot by Cole Caufield.
14:06 of 3rd period - Shot Blocked by Adam Larsson.
14:16 of 3rd period - Shot by Alex Ovechkin.
14:16 of 3rd period - Shot Misses the Net.
14:33 of 3rd period - Icing by Jared Spurgeon.
14:34 of 3rd period - Jordan Staal wins face-off versus Seth Jarvis in Flames zone.
14:34 of 3rd period - Jordan Staal is hit by Josh Anderson.
14:39 of 3rd period - Josh Morrissey is hit by Henri Jokiharju and loses puck.
14:46 of 3rd period - Shot by Jordan Eberle.
14:46 of 3rd period - Stopped by Calvin Petersen without a rebound.
14:47 of 3rd period - Steven Stamkos wins face-off versus Aliaksei Protas in Penguins zone.
14:50 of 3rd period - Shot by Steven Stamkos.
14:50 of 3rd period - Shot Misses the Net.
15:40 of 3rd period - Shot by Seth Jarvis.
15:40 of 3rd period - Stopped by Antti Raanta without a rebound.
15:41 of 3rd period - Nick Suzuki wins face-off versus Sebastian Aho in Flames zone.
15:48 of 3rd period - Nick Suzuki is hit by Alex Ovechkin.
16:13 of 3rd period - Jared Spurgeon is hit by Nick Suzuki and loses puck.
16:17 of 3rd period - Josh Morrissey is hit by Devon Toews and loses puck.
16:20 of 3rd period - Shot by John Tavares.
16:20 of 3rd period - Deflect By Sebastian Aho.
16:20 of 3rd period - Shot Misses the Net.
16:22 of 3rd period - Shot by John Tavares.
16:22 of 3rd period - Stopped by Calvin Petersen with a rebound.
16:24 of 3rd period - Shot by Sebastian Aho.
16:24 of 3rd period - Stopped by Calvin Petersen with a rebound.
16:26 of 3rd period - Shot by Josh Morrissey.
16:26 of 3rd period - Deflect By Sebastian Aho.
16:26 of 3rd period - Shot Misses the Net.
17:14 of 3rd period - Minor Penalty to Adam Larsson for High sticking.
17:15 of 3rd period - Oskar Lindblom wins face-off versus Sean Kuraly in Flames zone.
17:20 of 3rd period - Shot by Mathew Dumba.
17:20 of 3rd period - Stopped by Antti Raanta without a rebound.
17:21 of 3rd period - Seth Jarvis wins face-off versus Jordan Staal in Flames zone.
17:51 of 3rd period - Shot by Sean Kuraly.
17:51 of 3rd period - Shot Blocked by Jeff Petry.
17:54 of 3rd period - Icing by Mathew Dumba.
17:55 of 3rd period - Seth Jarvis wins face-off versus Jordan Staal in Penguins zone.
18:44 of 3rd period - Shot by Justin Faulk.
18:44 of 3rd period - Deflect By Cole Caufield.
18:44 of 3rd period - Shot Misses the Net.
18:46 of 3rd period - Shot by Devon Toews.
18:46 of 3rd period - Stopped by Antti Raanta without a rebound.
18:47 of 3rd period - Jordan Staal wins face-off versus Nick Suzuki in Flames zone.
19:45 of 3rd period - Shot by Rudolfs Balcers.
19:45 of 3rd period - Stopped by Antti Raanta without a rebound.
19:46 of 3rd period - Steven Stamkos wins face-off versus Seth Jarvis in Flames zone.
Goals for this period are 0 for Penguins vs 2 for Flames.
Shots for this period are 14 for Penguins vs 15 for Flames.